 Dungeon Crawl Stone Soup version 0.27-a0-334-g52645efa06 (webtiles) character file.

Game seed: 17243765823536304136

4137 tilp the Martial Artist (level 10, -2/68 HPs)
             Began as an Octopode Transmuter on Feb 13, 2021.
             Was a Priest of Ru.
             Killed by divine providence
             ... invoked by an orc priest
              (17 damage)
             ... on level 10 of the Dungeon.
             The game lasted 00:24:35 (14172 turns).

tilp the Martial Artist (Octopode Transmuter)      Turns: 14172, Time: 00:24:36

Health: -2/68      AC:  5    Str:  9    XL:     10   Next: 27%
Magic:  25/25      EV: 29    Int: 19    God:    Ru [***...]
Gold:   407        SH:  0    Dex: 13    Spells: 4/17 levels left

rFire    . . .     SeeInvis .     - Unarmed
rCold    + . .     Faith    .   (no shield)
rNeg     . . .     Spirit   .   (helmet currently unavailable)
rPois    +         Reflect  .   b - amulet of the acrobat
rElec    .         Harm     .   n - +4 ring of protection
rCorr    .         Rampage  .   q - ring of poison resistance
Will     .....                  v - ring of magical power
Stlth    ++++......             B - ring of flight
HPRegen  0.21/turn              (no ring)
MPRegen  0.19/turn              E - ring of protection from cold
                                (no ring)
                                (no ring)

@: appendages, acrobat
A: almost no armour, stealthy swim, amphibious, 8 rings, constrict 8, tentacle
spike 3, camouflage 1, gelatinous body 1, inability to use devices, disrupted
magic 1
a: End Transformation, Renounce Religion, Draw Out Power


You were on level 10 of the Dungeon.
You worshipped Ru.
Ru was most pleased with you.
One of your tentacles had a temporary spike.
You visited 1 branch of the dungeon, and saw 10 of its levels.
You also visited: Sewer.

You collected 407 gold pieces.

Inventory:

Missiles
 c - 2 boomerangs
 h - 6 boomerangs of dispersal
 k - 41 poisoned darts (quivered)
 A - 9 atropa-tipped darts
Armour
 r - a +2 hat (melded)
Magical Staves
 a - a staff of poison
Jewellery
 b - an amulet of the acrobat (around mantle)
 n - a +4 ring of protection (left tentacle)
 q - a ring of poison resistance (right tentacle)
 v - a ring of magical power (on tentacle)
 B - a ring of flight (on tentacle)
 C - a ring of ice
 E - a ring of protection from cold (on tentacle)
Scrolls
 d - a scroll of immolation {unknown}
 f - a scroll of random uselessness {unknown}
 g - a scroll of fear
 j - 5 scrolls of fog
 s - 6 scrolls of teleportation
 x - a scroll of amnesia {unknown}
 y - a scroll of identify
 D - a scroll of silence {unknown}
Potions
 e - 4 potions of curing
 i - 2 potions of haste
 l - 2 potions of magic
 m - 3 potions of brilliance
 o - a potion of ambrosia {unknown}
 p - a potion of attraction {unknown}
 t - 3 potions of might
 u - a potion of berserk rage {unknown}
 w - 2 potions of resistance
 z - 2 potions of mutation {unknown}


   Skills:
 - Level 6.0 Fighting
 - Level 4.0 Dodging
 + Level 5.9 Stealth
 + Level 8.5 Unarmed Combat
 - Level 4.0 Spellcasting
 - Level 8.0 Transmutations
 - Level 2.0 Ice Magic
 - Level 2.0 Poison Magic


You had 4 spell levels left.
You knew the following spells:

 Your Spells              Type           Power        Failure   Level
a - Beastly Appendage     Tmut           68%          1%          1
b - Wereblood             Tmut           34%          1%          2
c - Spider Form           Tmut/Pois      11%          9%          3
d - Ice Form              Ice/Tmut       22%          24%         4
e - Corona                Hex            3%           21%         1
f - Summon Small Mammal   Summ           12%          21%         1
g - Apportation           Tloc           6%           21%         1

Your spell library contained the following spells:

 Spells                   Type           Power        Failure   Level
 Animate Skeleton         Necr           6%           21%         1
 Blade Hands              Tmut           17%          21%         5


Dungeon Overview and Level Annotations

Branches:
Dungeon (10/15)            Temple (0/1) D:6             Orc (0/2) D:9
  Sewer (visited)
   Lair: D:8-11

Altars:
Ashenzari
Dithmenos
Elyvilon
Gozag
Hepliaklqana
Kikubaaqudgha
Okawaru
Qazlal
Ru
Sif Muna
Uskayaw
Vehumet

Annotations:
D:2 Sigmund
D:4 exclusions: lemure, orc and phantom, Eustachio
D:5 2 transporters
D:10 3 runed translucent doors, ma3's ghost, novice TrBe


Innate Abilities, Weirdness & Mutations

You cannot wear most types of armour.
You are very stealthy in the water. (Stealth+)
You are amphibious.
You can wear up to eight rings at the same time.
You can use your tentacles to constrict eight enemies at once.
Your skin changes colour to match your surroundings (Stealth+).
Your rubbery body absorbs attacks. (AC +1, EV +1)
You cannot study or use magical devices.
Your casting is slightly disrupted.
One of your tentacles bears a large vicious spike.


Message History

You throw a poisoned dart. The poisoned dart hits the troll.
The troll is poisoned.
You howl as the wereblood boils in your veins!
You hear a shout! x2
An electric eel comes into view.
You howl as the wereblood boils in your veins!
Your tentacle spike disappears.
Your +2 hat unmelds from your body.
The troll is stunned by your conviction and fails to attack.
You tentacle-slap the troll.
The troll is lightly wounded.
You howl as the wereblood boils in your veins!
You barely miss the troll.
The troll is lightly wounded.
An ice beast comes into view.
The troll bites you! The troll claws you!
You focus your inner power and illuminate the troll in retribution!
The troll claws you.
You focus your inner power and illuminate the troll in retribution!
An orc wizard comes into view. It is wielding a +0 spear.
You howl as the wereblood boils in your veins!
The troll looks more healthy.
Your primal bloodlust is almost over.
Casting: Wereblood (safe; 1% risk of failure)
Confirm with . or Enter, or press ? or * to list all spells.
One of your tentacles grows a vicious spike.
Your +2 hat melds into your body.
The troll bites you! The troll completely misses you. The troll claws you!
* * * LOW HITPOINT WARNING * * *
You barely miss the troll.
You pierce the troll, but do no damage.
You tentacle-slap the troll.
The troll is lightly wounded.
The troll closely misses you. The troll claws you.
* * * LOW HITPOINT WARNING * * *
The troll completely misses you.
An orc priest opens the door.
Unknown command.
Your primal bloodlust has ended.
The orc priest invokes the aid of Beogh against you.
Beogh smites you!
You die...

............#########.#####...#
.....###...)'.......#.# #...#
≈..... #....#.......#.# #...#
≈≈..)..#..))#.......#.# #...#
≈≈.....'...)#########.# #.<.#
≈≈≈.. #..†.).........# #...#
≈≈;..###.o............#####...#
≈≈....(...Yo...T.............<#
≈≈.......#######@.............#
≈≈≈..(...#.....#..............#
≈≈≈......#.....'..............###
≈≈≈≈≈....#.....#.................
.≈≈Y.###.#.....#.................
≈≈≈.. #.#+#####.........#######.
(≈≈≈. #.................#.....'.
≈≈.. #.................'..)..#.
≈≈. .##.................#.....#.


You could see a troll (corona), an ice beast, an orc priest and an orc wizard.

Vanquished Creatures
  A wyvern (D:10)
  Menkaure (D:6)
  A warg (D:9)
  A black bear (D:6)
  A necrophage (D:10)
  An eye of draining (D:9)
  2 ice beasts
  3 orc warriors (D:9)
  3 ogres
  A wolf (D:10)
  3 centaurs
  A phantom (D:7)
  Blork the orc (D:4)
  6 bullfrogs
  A scorpion (D:10)
  5 killer bees (D:7)
  A howler monkey (D:4)
  A centaur zombie (D:10)
  3 quasits (D:7)
  7 hounds
  2 jellies
  5 orc priests
  A bullfrog zombie (D:8)
  4 bullfrog skeletons
  A centaur skeleton (D:6)
  Ijyb (D:4)
  10 orc wizards
  An iguana (D:10)
  5 worker ants
  A hound zombie (D:6)
  A hound skeleton (D:5)
  A howler monkey zombie (D:5)
  Robin (D:2)
  6 gnolls
  A worker ant zombie (D:9)
  8 adders
  A river rat (D:3)
  3 white imps
  2 ufetubi
  An adder zombie (D:5)
  3 worms
  3 adder skeletons
  6 dart slugs
  6 leopard geckos
  38 orcs
  4 giant cockroaches
  8 hobgoblins
  10 jackals
  11 kobolds
  2 quokkas
  2 ball pythons
  11 bats
  7 frilled lizards
  18 goblins
  A leopard gecko skeleton (D:7)
  4 rats
234 creatures vanquished.

Vanquished Creatures (others)
  An orc warrior (D:10)
  An orc priest (D:9)
  7 plants (Sewer)
  4 toadstools (D:1)
13 creatures vanquished.

Grand Total: 247 creatures vanquished

Notes
Turn   | Place    | Note
-------+----------+-------------------------------------------
     0 | D:1      | tilp the Octopode Transmuter began the quest for the Orb.
     0 | D:1      | Reached XP level 1. HP: 13/13 MP: 3/3
    48 | D:1      | Reached skill level 1 in Stealth
    63 | D:1      | Reached XP level 2. HP: 13/18 MP: 5/5
    74 | D:1      | Learned a level 2 spell: Wereblood
   642 | D:1      | Reached XP level 3. HP: 22/23 MP: 6/6
  1393 | D:2      | Found a sacrificial altar of Ru.
  1397 | D:2      | Found a radiant altar of Vehumet.
  1404 | D:2      | Became a worshipper of Ru the Awakened
  1465 | D:2      | Noticed Sigmund
  1555 | D:2      | Reached XP level 4. HP: 26/28 MP: 7/7
  1781 | D:2      | Noticed Robin
  1785 | D:2      | Killed Robin
  2276 | D:3      | Found an iron altar of Okawaru.
  2441 | D:3      | Found a glowing drain.
  2446 | Sewer    | Entered a sewer
  2622 | Sewer    | Reached XP level 5. HP: 33/33 MP: 4/8
  3336 | D:3      | Gained mutation: Your casting is slightly disrupted. [Ru
                  | sacrifice]
  4198 | D:4      | Noticed Blork the orc
  4746 | D:4      | Noticed Eustachio
  5253 | D:4      | Noticed a phantom
  5393 | D:4      | Reached XP level 6. HP: 10/39 MP: 9/9
  6170 | D:4      | Noticed Ijyb
  6187 | D:4      | Killed Ijyb
  6595 | D:4      | Reached skill level 5 in Unarmed Combat
  6595 | D:4      | Reached XP level 7. HP: 22/46 MP: 10/10
  7003 | D:4      | Killed Blork the orc
  7490 | D:5      | Entered Level 5 of the Dungeon
  7491 | D:5      | Found a transporter.
  7557 | D:5      | Found a transporter.
  7640 | D:5      | Gained mutation: You cannot study or use magical devices.
                  | [Ru sacrifice]
  7640 | D:5      | Reached * piety under Ru
  7640 | D:5      | Reached ** piety under Ru
  7640 | D:5      | Reached *** piety under Ru
  7810 | D:5      | Found a hazy altar of Hepliaklqana.
  8658 | D:5      | Learned a level 3 spell: Spider Form
  8660 | D:5      | Learned a level 1 spell: Apportation
  8662 | D:5      | Learned a level 1 spell: Corona
  8664 | D:5      | Learned a level 1 spell: Summon Small Mammal
  8765 | D:6      | Found a staircase to the Ecumenical Temple.
  8788 | D:6      | Reached XP level 8. HP: 48/54 MP: 12/12
  8798 | D:6      | Reached skill level 5 in Transmutations
  8799 | D:6      | Noticed Menkaure
  8803 | D:6      | Killed Menkaure
  8834 | D:6      | You fall into a shaft and drop 2 floors!
  8927 | D:8      | Reached skill level 1 in Poison Magic
  9491 | D:6      | Found a shadowy altar of Dithmenos.
  9964 | D:6      | Found a broken altar of Ashenzari.
  9979 | D:6      | Reached XP level 9. HP: 44/58 MP: 15/15
 10273 | D:7      | Found a white marble altar of Elyvilon.
 10657 | D:7      | Found an ancient bone altar of Kikubaaqudgha.
 11212 | D:7      | Learned a level 4 spell: Ice Form
 11264 | D:8      | Reached skill level 5 in Fighting
 11271 | D:8      | Found a hide-covered altar of Uskayaw.
 11404 | D:8      | Found a shimmering blue altar of Sif Muna.
 11549 | D:8      | Found an opulent altar of Gozag.
 12079 | D:9      | Found a stormy altar of Qazlal.
 12170 | D:9      | Reached skill level 1 in Ice Magic
 12267 | D:9      | HP: 3/62 [orc warrior/+0 glaive (26)]
 12748 | D:9      | Found a staircase to the Orcish Mines.
 13197 | D:9      | Reached XP level 10. HP: 56/68 MP: 16/16
 13317 | D:10     | Entered Level 10 of the Dungeon
 13722 | D:10     | Found a runed translucent gate.
 13722 | D:10     | Found a runed translucent gate.
 13723 | D:10     | Found a runed translucent gate.
 13725 | D:10     | Noticed ma3's ghost (novice TrBe)
 13796 | D:10     | Reached skill level 5 in Stealth
 14172 | D:10     | Killed from afar by an orc priest

Illustrated notes

Levels and vault maps discovered:
D:1:      ldierk_walled_garden_2, layout_loops_ring
D:2:      layout_basic, chequers_temple_overflow_statue_of_worship,
          uniq_sigmund, uniq_robin
D:3:      layout_loops_corners, okawaru_ov_weapons_minmay,
          gup_sewer_entry_spiral
D:4:      kennysheep_goblin_castle, layout_loops_ring, nrook_uturn, uniq_ijyb,
          uniq_pikel, uniq_eustachio, uniq_blork_the_orc
D:5:      gammafunk_steamed_eel, layout_basic, nzn_hepliaklqana_mist_gate,
          corexii_corridor_pit
D:6:      layout_loops_ring, lemuel_round_altar, kennysheep_mini_moat,
          minmay_temple_entry_large_hall, uniq_menkaure
D:7:      layout_rooms, kennysheep_mini, lemuel_doored_altar,
          minmay_misc_feat_secret_circle
D:8:      layout_basic, overflow_temple_1_default, nicolae_gozag_seed_capital,
          eat_drink_and_be_merry_uskayaw, minmay_misc_feat_doors
D:9:      layout_basic, david_orc_1_choice, minmay_statues_item,
          grunt_qazlal_clouds
D:10:     layout_irregular_city, erik_lair_island, ebering_ghost_rock_garden,
          lemuel_flamethrower_hall

Skill      XL: |  1  2  3  4  5  6  7  8  9 10 |
---------------+-------------------------------+-----
Stealth        | 2 3 4 5 |  5.9
Transmutations | 4 6 7 8 |  8.0
Fighting       | 2 3 4 6 |  6.0
Unarmed Combat | 4 5 6 7 8 |  8.5
Spellcasting   | 3 4 |  4.0
Poison Magic   | 2 |  2.0
Dodging        | 4 |  4.0
Ice Magic      | 2 |  2.0

Action                   |  1- 3 |  4- 6 |  7- 9 | 10-12 || total
-------------------------+-------+-------+-------+-------++-------
Melee: Unarmed           |    79 |   225 |   363 |    70 ||   737
       Constrict         |    30 |    55 |    84 |    12 ||   181
       Kick              |    19 |    50 |    95 |    14 ||   178
       Tentacles         |     7 |    35 |    57 |    17 ||   116
       Punch             |     2 |     1 |    18 |     6 ||    27
Throw: Dart              |       |     2 |    45 |    14 ||    61
 Cast: Beastly Appendage |    17 |    33 |    46 |     9 ||   105
       Wereblood         |     6 |    15 |    17 |     4 ||    42
       Corona            |       |       |     5 |       ||     5
Invok: Sacrifice Essence |       |     1 |       |       ||     1
       Sacrifice Artific |       |       |     1 |       ||     1
       Reject Sacrifices |       |       |     1 |       ||     1
  Use: Scroll            |     2 |     3 |    10 |     1 ||    16
       Potion            |       |     3 |     4 |       ||     7
 Stab: Sleeping          |     4 |    10 |    11 |     2 ||    27
       Invisible         |       |       |     5 |       ||     5
Armor: Skin              |    16 |     7 |    77 |     6 ||   106
Dodge: Dodged            |    53 |   112 |   224 |    28 ||   417

Table legend: (Time is in decaauts)
 A = Elapsed time spent in this place.
 B = Non-inter-level travel time spent in this place.
 C = Inter-level travel time spent in this place.
 D = Time resting spent in this place.
 E = Time spent auto-exploring this place.
 F = Levels seen in this place.
 G = Mean time per level.
                   A        B        C        D        E       F      G
               +--------+--------+--------+--------+--------+-----+--------+
         Total |  14095 |  13552 |    543 |   3989 |   7286 |  11 | 1281.4 |
       Dungeon |  13286 |  12743 |    543 |   3889 |   6857 |  10 | 1328.6 |
         Sewer |    809 |    809 |      0 |    100 |    429 |   1 |  809.0 |
               +--------+--------+--------+--------+--------+-----+--------+

Top non-repeatable levels by time:
     D:4: 2502 daAuts
     D:3: 1901 daAuts
     D:9: 1269 daAuts
     D:5: 1257 daAuts
     D:1: 1254 daAuts
     D:7: 1179 daAuts
     D:8: 1053 daAuts
     D:6: 1019 daAuts
     D:2: 1005 daAuts
    D:10: 842 daAuts
   Sewer: 809 daAuts
